 Dungeon Crawl Stone Soup version 0.29.1-2-gbd0b4ee654 (webtiles) character file.

Game seed: 2278006325233437164

7914 zeram the Nimble (level 11, -1/100 HPs)
             Began as a Troll Transmuter on Nov 4, 2022.
             Was a Believer of Yredelemnul.
             Killed by divine providence
             ... invoked by an orc priest
              (12 damage)
             ... on level 9 of the Dungeon.
             The game lasted 00:30:47 (6895 turns).

zeram the Nimble (Troll Transmuter)                 Turns: 6895, Time: 00:30:47

Health: -1/100     AC:  5    Str: 20    XL:     11   Next: 3%
Magic:  15/15      EV: 13    Int: 13    God:    Yredelemnul [**....]
Gold:   637        SH:  0    Dex: 10    Spells: 6/16 levels left

rFire   + + +      SeeInvis .   l - +6 whip of Qazlal, Ageing {venom, *Corrode +Blink rF+++ rC-}
rCold   x . .      Faith    .   (no shield)
rNeg    . . .      Spirit   .   a - +1 robe
rPois   .          Reflect  .   (helmet restricted)
rElec   .          Harm     .   (no cloak)
rCorr   .          Rampage  .   (gloves unavailable)
Will    .....                   (boots unavailable)
Stlth   +.........              (no amulet)
HPRegen 1.06/turn               q - ring of protection from fire
MPRegen 0.14/turn               (no ring)

@: no status effects
A: large, unfitting armour, claws 3, regeneration 1, shaggy fur 1, tough skin 1
a: Renounce Religion, Evoke Blink, Recall Undead Harvest, Dark Bargain


You were on level 9 of the Dungeon.
You worshipped Yredelemnul.
Yredelemnul was noncommittal.
You visited 2 branches of the dungeon, and saw 10 of its levels.

You collected 637 gold pieces.

Inventory:

Hand Weapons
 l - the +6 whip of Qazlal, Ageing (weapon) {venom, *Corrode +Blink rF+++ rC-}
   (You found it on level 3 of the Dungeon)

   It poisons the flesh of those it strikes.
   rF:        It renders you almost immune to fire.
   rC:        It makes you vulnerable to cold.
   +Blink:    It lets you blink.
   *Corrode:  It may corrode you when you take damage.
 m - a +2 whip of venom
Missiles
 p - a throwing net
Armour
 a - a +1 robe (worn)
 x - the +6 tower shield of Boixick {Str+4 Int+2}
   (You found it on level 7 of the Dungeon)

   Str:       It affects your strength (+4).
   Int:       It affects your intelligence (+2).
Jewellery
 g - a ring of fire
 q - a ring of protection from fire (left claw)
Wands
 i - a wand of roots (26)
 o - a wand of light (4)
Scrolls
 h - a scroll of magic mapping
 k - a scroll of fog
 n - a scroll of teleportation
 r - a scroll of immolation {unknown}
 y - a scroll of enchant armour
Potions
 b - 3 potions of lignification
 c - a potion of brilliance
 d - 3 potions of mutation
 e - 5 potions of curing
 f - 2 potions of attraction
 j - 4 potions of haste
 s - 3 potions of degeneration
 t - a potion of resistance {unknown}
 u - a potion of ambrosia
 w - 2 potions of flight {unknown}


   Skills:
 - Level 4.0 Fighting
 + Level 6.6 Maces & Flails
 * Level 10.8 Dodging
 - Level 5.0 Unarmed Combat
 - Level 3.3 Spellcasting
 * Level 3.1 Summonings
 - Level 3.9 Necromancy
 - Level 4.1 Transmutations
 * Level 2.2 Evocations


You had 6 spell levels left.
You knew the following spells:

 Your Spells              Type           Power      Damage    Failure   Level
a - Beastly Appendage     Tmut           26%        N/A       4%          1
b - Wereblood             Tmut           13%        N/A       6%          2
c - Vampiric Draining     Necr           12%        2d6       13%         3
d - Dispel Undead         Necr           12%        3d9       41%         4

Your spell library contained the following spells:

 Spells                   Type           Power      Damage    Failure   Level
 Slow                     Hex            8%         N/A       22%         1
 Spider Form              Tmut/Pois      7%         N/A       28%         3
 Scorch                   Fire           4%         2d5       32%         2
 Ignite Poison            Fire/Tmut/Pois 5%         N/A       36%         3
 Confusing Touch          Hex            2%         N/A       54%         3
 Frozen Ramparts          Ice            4%         1d1       54%         3
 Mephitic Cloud           Conj/Pois/Air  2%         N/A       54%         3
 Ice Form                 Ice/Tmut       7%         N/A       67%         4
 Summon Ice Beast         Ice/Summ       6%         N/A       75%         4
 Corpse Rot               Necr/Pois/Air  5%         N/A       78%         4
 Flame Wave               Conj/Fire      2%         2d4       91%         4
 Borgnjor's Vile Clutch   Necr/Erth      3%         N/A       95%         5
 Yara's Violent Unravell  Hex/Tmut       3%         3d4       95%         5
 Freezing Cloud           Conj/Ice/Air   1%         6-21      99%         5
 Summon Cactus Giant      Summ           5%         N/A       100%        6
 Enfeeble                 Hex            1%         N/A       100%        7
 Animate Dead             Necr           Unusable   N/A       N/A         4
 Death Channel            Necr           Unusable   N/A       N/A         6

Dungeon Overview and Level Annotations

Branches:
Dungeon (9/15)             Temple (1/1) D:7            Lair (0/5) D:9
    Orc: D:9-12

Altars:
Ashenzari
Dithmenos
Elyvilon
Fedhas
Gozag
Kikubaaqudgha
Makhleb
Nemelex Xobeh
Okawaru
Qazlal
Ru
Sif Muna
Trog
Uskayaw
Vehumet
Wu Jian
Xom
Yredelemnul
Zin
The Shining One

Shops:
D:1 (   D:3 ?   D:4 (

Annotations:
D:9 3 runed translucent doors, DemonSlayer's ghost, journeyman DsFE


Innate Abilities, Weirdness & Mutations

You are too large for most types of armour.
You have claws for hands.
Your natural rate of healing is unusually fast.
You are covered in fur. (AC +1)
You have tough skin. (AC +1)


Message History

You hear two shouts!
You swap places.
Something barely misses your warg zombie. x2
Unknown command.
You swap places.
A gnoll sergeant comes into view. It is wielding a +0 spear.
A gnoll sergeant comes into view. It is wielding a +6 trident of venom.
The gnoll sergeant shouts!
The orc priest calls down the wrath of Beogh upon you.
Beogh smites you!
Unknown command.
You hit the two-headed ogre but do no damage.
You claw the two-headed ogre, but do no damage.
The two-headed ogre closely misses you.
The two-headed ogre hits you with a +0 giant spiked club!!
Your warg zombie closely misses the two-headed ogre.
Unknown command.
You swap places.
The orc priest hits your warg zombie with a +0 rapier.
Your warg zombie closely misses the orc priest.
The two-headed ogre hits you with a +0 giant club!!
* * * LOW HITPOINT WARNING * * *
The two-headed ogre hits you with a +0 giant spiked club!!
* * * LOW HITPOINT WARNING * * *
You swap places.
Your warg zombie bites the orc priest!
Your orc wizard zombie hits the two-headed ogre but does no damage.
The orc priest hits your warg zombie with a +0 rapier.
Your warg zombie is destroyed!
Unknown command.
You swap places.
Something hits your orc wizard zombie!!
Your orc wizard zombie is destroyed!
There is an open door, spattered with blood here.
Things that are here:
a +0 dagger; a +0 robe You swap places.
You are no longer corroded.
The orc priest invokes the aid of Beogh against you.
Beogh smites you!
You die...
Your body rises from the dead as a mindless zombie.

.'. #'# #.. #.# #...
#.# ##'###g# #......#
#...KOo#
####################.#
..#....#...).)))...#o#
..'..).)..).....@ZZ)Z#
..#...)#.........Z.#'#
###')''#############...
....(.......... #...#
~≈~.)..~≈~≈≈≈~~ #####
~≈~....~≈≈≈≈≈≈≈ ≈≈
~~~....~~~≈~~~~ ≈~~
...)........... ...
...)...........


You could see an orc priest, a friendly gnoll bouda zombie, a friendly gnoll
sergeant zombie, a friendly kobold demonologist zombie and a friendly two-headed
ogre zombie.

Vanquished Creatures
  A cyclops (D:9)
  Psyche (D:7)
  A komodo dragon (D:9)
  A wyvern (D:8)
  3 yaks (D:9)
  Eustachio (D:6)
  A warg (D:9)
  An acid dragon (D:9)
  An ice beast (D:7)
  2 orc warriors
  2 black bears
  An ogre (D:5)
  A phantom (D:5)
  3 bullfrogs
  2 scorpions (D:6)
  A gnoll sergeant (D:9)
  4 wights
  6 killer bees (D:9)
  A howler monkey (D:9)
  4 hounds
  A jelly (D:6)
  4 gnoll boudas
  2 orc priests
  Ijyb (D:5)
  7 iguanas
  3 orc wizards
  11 adders
  9 gnolls
  A white imp (D:7)
  2 ufetubi
  3 worms
  4 dart slugs
  24 orcs
  6 bats
  4 endoplasms
  A giant cockroach (D:2)
  6 goblins
  12 hobgoblins
  2 kobolds (D:1)
  3 quokkas
  3 training dummies (D:4)
  10 ball pythons
  3 frilled lizards
  7 rats
167 creatures vanquished.

Vanquished Creatures (collateral kills)
  2 two-headed ogres (D:9)
  Joseph (D:7)
  A kobold demonologist (D:9)
  A troll (D:9)
  3 yaks (D:9)
  A warg (D:9)
  2 orc warriors (D:9)
  2 centaurs
  3 kobold brigands (D:9)
  A gnoll sergeant (D:9)
  3 wights (D:8)
  3 howler monkeys (D:9)
  3 orc priests (D:9)
  2 gnoll boudas (D:9)
  3 orc wizards (D:9)
  A gnoll (D:5)
  2 orcs
34 creatures vanquished.

Vanquished Creatures (others)
  A komodo dragon zombie (D:9)
  A cyclops zombie (D:9)
  A warg zombie (D:9)
  3 yak zombies (D:9)
  A bullfrog zombie (D:9)
  A centaur zombie (D:9)
  A scorpion zombie (D:6)
  5 killer bee zombies (D:9)
  A kobold zombie (D:9)
  An acid dragon zombie (D:9)
  2 howler monkey zombies (D:9)
  3 gnoll zombies (D:9)
  An orc (D:8)
  9 orc zombies
  A spectral ufetubus (D:5)
  A fungus (D:9)
  14 plants
47 creatures vanquished.

Grand Total: 248 creatures vanquished

Notes
Turn   | Place    | Note
-------+----------+-------------------------------------------
     0 | D:1      | zeram the Troll Transmuter began the quest for the Orb.
     0 | D:1      | Reached XP level 1. HP: 18/18 MP: 1/1
    94 | D:1      | Reached skill level 1 in Fighting
   101 | D:1      | Reached XP level 2. HP: 27/27 MP: 2/2
   239 | D:1      | Found a faded altar of an unknown god.
   258 | D:1      | Found Vyihoegaa's Weapon Shop.
   279 | D:1      | Reached XP level 3. HP: 23/33 MP: 3/3
   472 | D:2      | Reached skill level 2 in Dodging
   556 | D:2      | Learned a level 2 spell: Wereblood
   688 | D:2      | Reached XP level 4. HP: 41/41 MP: 4/4
  1197 | D:3      | Reached skill level 5 in Unarmed Combat
  1442 | D:3      | Reached XP level 5. HP: 41/48 MP: 5/5
  1541 | D:3      | Found a burning altar of Makhleb.
  1548 | D:3      | Identified the +6 whip of Qazlal, Ageing {venom, *Corrode
                  | +Blink rF+++ rC-}
  1639 | D:3      | Found a sparkling altar of Nemelex Xobeh.
  1658 | D:3      | Found Poskoal's Magic Scroll Emporium.
  1712 | D:3      | Learned a level 3 spell: Vampiric Draining
  1755 | D:4      | Found a stormy altar of Qazlal.
  1999 | D:4      | Noticed a black bear
  2009 | D:4      | Killed a black bear
  2010 | D:4      | Reached skill level 1 in Necromancy
  2079 | D:4      | Reached XP level 6. HP: 43/55 MP: 7/7
  2103 | D:4      | Found Qoqadgh's Firing Range.
  2521 | D:5      | Entered Level 5 of the Dungeon
  2615 | D:5      | Reached skill level 1 in Maces & Flails
  2633 | D:5      | Reached skill level 3 in Dodging
  2786 | D:5      | Found a sacrificial altar of Ru.
  2786 | D:5      | Found a basalt altar of Yredelemnul.
  2797 | D:5      | Became a worshipper of Yredelemnul the Dark
  2847 | D:5      | Reached XP level 7. HP: 35/63 MP: 7/9
  2924 | D:5      | Noticed Ijyb
  2934 | D:5      | Killed Ijyb
  2934 | D:5      | Reached * piety under Yredelemnul
  3426 | D:6      | Reached skill level 4 in Dodging
  3494 | D:6      | HP: 3/65 [gnoll/+0 flail[a gnoll bouda] (9)]
  3551 | D:5      | Learned a level 4 spell: Dispel Undead
  3571 | D:5      | Reached XP level 8. HP: 43/72 MP: 10/10
  3794 | D:6      | Noticed Eustachio
  3808 | D:6      | Killed Eustachio
  3809 | D:6      | Reached skill level 5 in Dodging
  4328 | D:7      | Found a glowing silver altar of Zin.
  4392 | D:7      | Noticed Joseph
  4407 | D:7      | Killed Joseph
  4408 | D:7      | Reached skill level 6 in Dodging
  4497 | D:7      | Found a shimmering altar of Xom.
  4505 | D:7      | Identified the +6 tower shield of Boixick {Str+4 Int+2}
  4561 | D:7      | Reached ** piety under Yredelemnul
  4749 | D:7      | Found a white marble altar of Elyvilon.
  4841 | D:7      | Found an ornate altar of the Wu Jian Council.
  4842 | D:7      | Found a bloodstained altar of Trog.
  4842 | D:7      | Found a radiant altar of Vehumet.
  4844 | D:7      | Found a shimmering blue altar of Sif Muna.
  4846 | D:7      | Found a blossoming altar of Fedhas.
  4870 | D:7      | Found a staircase to the Ecumenical Temple.
  4968 | Temple   | Entered the Ecumenical Temple
  5237 | D:7      | Reached XP level 9. HP: 58/78 MP: 12/12
  5271 | D:8      | Noticed Psyche
  5280 | D:7      | HP: 2/77 [orc warrior/+0 halberd (11)]
  5404 | D:7      | Killed Psyche
  5405 | D:7      | Reached skill level 7 in Dodging
  5867 | D:8      | Reached skill level 1 in Summonings
  6006 | D:9      | Found a staircase to the Lair.
  6006 | D:9      | Noticed a komodo dragon
  6028 | D:9      | Killed a komodo dragon
  6099 | D:9      | Found a runed translucent gate.
  6099 | D:9      | Found a runed translucent gate.
  6099 | D:9      | Found an opulent altar of Gozag.
  6100 | D:9      | Found a runed translucent gate.
  6104 | D:9      | Noticed a centaur warrior
  6106 | D:9      | Noticed DemonSlayer's ghost (journeyman DsFE)
  6111 | D:9      | Reached skill level 8 in Dodging
  6206 | D:9      | Found a hide-covered altar of Uskayaw.
  6209 | D:9      | Noticed a +0 hand axe
  6209 | D:9      | Noticed a +0 dagger
  6248 | D:9      | Reached skill level 5 in Maces & Flails
  6352 | D:9      | Reached XP level 10. HP: 82/92 MP: 13/13
  6368 | D:9      | Reached skill level 9 in Dodging
  6495 | D:9      | Reached *** piety under Yredelemnul
  6552 | D:9      | Reached **** piety under Yredelemnul
  6553 | D:9      | Reached skill level 1 in Evocations
  6566 | D:9      | Reached ***** piety under Yredelemnul
  6617 | D:9      | Noticed a cyclops
  6625 | D:9      | Noticed a two-headed ogre
  6626 | D:9      | Killed a cyclops
  6635 | D:9      | Killed a two-headed ogre
  6636 | D:9      | Reached skill level 10 in Dodging
  6766 | D:9      | Noticed a two-headed ogre
  6785 | D:9      | Killed a two-headed ogre
  6882 | D:9      | Reached XP level 11. HP: 97/100 MP: 15/15
  6885 | D:9      | Noticed a two-headed ogre
  6895 | D:9      | Killed from afar by an orc priest

Illustrated notes

Levels and vault maps discovered:
D:1:      minmay_arrival_shoal_huts, layout_rooms,
          hellmonk_ecumenical_altar_leap_of_faith, serial_shops,
          nicolae_shop_temple_entry_statues_fountains
D:2:      minmay_evil_eye, layout_rooms
D:3:      layout_basic, bloody_makhleb, lemuel_crystal_altar, serial_shops,
          nicolae_shop_stone
D:4:      layout_loops_ring, mainiacjoe_overflow_concentric_impassable,
          nicolae_shop_firing_range
D:5:      layout_rooms, jmf_multi_god_temple, uniq_ijyb
D:6:      layout_basic, hangedman_decor_push, amcnicky_mini_corridor_feature,
          uniq_eustachio
D:7:      layout_cave_pools, mainiacjoe_overflow_alcove_4, lemuel_doored_altar,
          minitemple, minmay_temple_entry_enclosed_plants, uniq_joseph
D:8:      layout_basic, kennysheep_nub, uniq_psyche
D:9:      lemuel_castle_with_subvaults [lemuel_castle_interior_carwin_1],
          layout_irregular_city, dancing_weapons_uskayaw, david_lair_shrubbed,
          ebering_ghost_gozag
Temple:   nicolae_temple_bog_church

Skill      XL: |  1  2  3  4  5  6  7  8  9 10 |
---------------+-------------------------------+-----
Fighting       | 1 2 3 4 |  4.0
Dodging        | 2 3 4 6 8 10 | 10.8
Unarmed Combat | 4 5 |  5.0
Necromancy     | 1 2 3 |  3.9
Transmutations | 2 3 4 |  4.1
Maces & Flails | 1 2 3 5 6 |  6.6
Spellcasting   | 2 3 |  3.3
Summonings     | 1 3 |  3.1
Evocations     | 2 |  2.2

Action                   |  1- 3 |  4- 6 |  7- 9 | 10-12 || total
-------------------------+-------+-------+-------+-------++-------
Melee: Unarmed           |    94 |    48 |       |       ||   142
       Punch             |       |     3 |    18 |     4 ||    25
       Whip              |       |   113 |   283 |   107 ||   503
 Cast: Wereblood         |       |       |     2 |       ||     2
Invok: Recall Undead Har |       |       |     1 |       ||     1
 Abil: Evoke Blink       |       |       |     3 |       ||     3
Evoke: Wand              |       |       |     2 |     2 ||     4
  Use: Scroll            |     5 |     1 |    13 |     1 ||    20
       Potion            |       |       |    13 |       ||    13
 Stab: Distracted        |       |       |     1 |     1 ||     2
       Invisible         |       |       |     1 |       ||     1
Armor: Robe              |    43 |    57 |    70 |    17 ||   187
       Skin              |       |       |     3 |       ||     3
Dodge: Dodged            |    55 |   102 |   220 |    52 ||   429
